 Dungeon Crawl Stone Soup version 0.28-a0-819-g6ef7baa362 (webtiles) character file.

Game seed: 1555413423819173710

0 ytrimaz the Skirmisher (level 1, -1/18 HPs)
             Began as a Demonspawn Berserker on Nov 8, 2021.
             Was a Follower of Trog.
             Slain by a kobold (3 damage)
             ... on level 1 of the Dungeon.
             The game lasted 00:00:36 (28 turns).

ytrimaz the Skirmisher (Demonspawn Berserker)         Turns: 28, Time: 00:00:36

Health: -1/18      AC:  2    Str: 17    XL:     1   Next: 8%
Magic:  1/1        EV: 12    Int:  8    God:    Trog [*.....]
Gold:   12         SH:  0    Dex: 12    Spells: 0/0 levels left

rFire   . . .      SeeInvis .   a - +0 hand axe
rCold   . . .      Faith    .   (no shield)
rNeg    . . .      Spirit   .   b - +0 animal skin
rPois   .          Reflect  .   (no helmet)
rElec   .          Harm     .   (no cloak)
rCorr   .          Rampage  .   (no gloves)
Will    .....                   (no boots)
Stlth   +.........              (no amulet)
HPRegen 0.06/turn               (no ring)
MPRegen 0.07/turn               (no ring)

@: on berserk cooldown, slowed, very slow
A: no striking features
a: Renounce Religion, Berserk


You were on level 1 of the Dungeon.
You worshipped Trog.
Trog was aware of your devotion.
You visited 1 branch of the dungeon, and saw 1 of its levels.

You collected 12 gold pieces.

Inventory:

Hand Weapons
 a - a +0 hand axe (weapon)
Armour
 b - a +0 animal skin (worn)


   Skills:
 + Level 3.0 Fighting
 + Level 2.7 Axes
 + Level 1.7 Armour
 + Level 1.7 Dodging


You couldn't memorise any spells.
You didn't know any spells.
Your spell library was empty.

Dungeon Overview and Level Annotations

Branches:
Dungeon (1/15)

Altars:


Message History

You are poisoned.
A red film seems to cover your vision as you go berserk!
You feel yourself moving faster!
You feel mighty!
You feel sick. The kobold hits you but does no damage.
You slash the kobold!
You kill the kobold!
Trog accepts your kill.
You feel sick.
You feel sick.
Things that are here:
a +0 dagger of venom; a stone; a kobold corpse A kobold comes into view.
It is wielding a +0 dagger.
You feel a strong urge to attack something.
You feel sick.
The kobold shouts!
Things that are here:
a +0 dagger of venom; a stone; a kobold corpse You feel your anger nearly subside.
You are no longer berserk.
You are exhausted.
You feel yourself slow down.
You feel sick.
You feel sick. The kobold closely misses you. x2
You feel sick.
You are no longer poisoned.
The kobold closely misses you.
You hit the kobold but do no damage. The kobold barely misses you.
The kobold hits you with a +0 dagger.
You hit the kobold.
The kobold is severely wounded.
The kobold closely misses you. The kobold hits you but does no damage.
You miss the kobold.
The kobold is severely wounded.
The kobold hits you but does no damage. The kobold hits you with a +0 dagger.
* * * LOW HITPOINT WARNING * * *
You miss the kobold.
The kobold is severely wounded.
The kobold misses you.
You hit the kobold but do no damage.
The kobold is severely wounded.
The kobold hits you with a +0 dagger.
You die...

####...#....#.#.
#..#[...#..#...# #
#.##.....##..... #.
###.##.....#...#..
#.##.........#.....#.
#....#)##...#.#...<.#
#.......#......#...#.
####.#.##.....#.#.#..
#@K..#....#...#...
#.#.##$..#...#...#
#.#.##..#...#. .#.
#.#.# .#..... #..
#.#.# .. . #.#.# #..
###


You could see a kobold.

Vanquished Creatures
  A kobold (D:1)
1 creature vanquished.

Notes
Turn   | Place    | Note
-------+----------+-------------------------------------------
     0 | D:1      | ytrimaz the Demonspawn Berserker began the quest for the
                  | Orb.
     0 | D:1      | Reached XP level 1. HP: 18/18 MP: 1/1
    28 | D:1      | Slain by a kobold

Illustrated notes

Levels and vault maps discovered:
D:1:      matt_arrival_diagonals, layout_loops_ring, due_unseen_surprise

Action                   || total
-------------------------++-------
Melee: Hand axe          ||     6
Invok: Berserk           ||     1
Armor: Animal skin       ||     4
Dodge: Dodged            ||     6

Table legend: (Time is in decaauts)
 A = Elapsed time spent in this place.
 B = Non-inter-level travel time spent in this place.
 C = Inter-level travel time spent in this place.
 D = Time resting spent in this place.
 E = Time spent auto-exploring this place.
 F = Levels seen in this place.
 G = Mean time per level.
                   A        B        C        D        E       F      G
               +--------+--------+--------+--------+--------+-----+--------+
         Total |     30 |     30 |      0 |      0 |     10 |   1 |   30.0 |
       Dungeon |     30 |     30 |      0 |      0 |     10 |   1 |   30.0 |
               +--------+--------+--------+--------+--------+-----+--------+

Top non-repeatable levels by time:
     D:1: 30 daAuts
